AoeStats
← mimi.michalov

Arena

505463692Analyzed
2v2 RM · 22d ago on Sep 9, 2026· 38m 21s· 4 players
Game mode
Random Map
Map size
Medium (4 player)
Population
200
Speed
Normal
Resources
Standard
Victory
Conquest
Starting age
Dark Age
Ending age
Imperial Age
RankedLock teamsTeams togetherTeam positionsShared explorationLock speedFull tech treeHidden civsTurbo modeCheats
Victory
Defeat
🇸🇪 Celts · Sweden
652
+19
🇸🇰 Cumans · Slovakia
644
+19
🇷🇺 Khmer · Russia
747
-46
🇧🇷 Turks · Brazil
681
-18
Wirsh
0:38 Loom
11:36 Feudal Age
12:17 Double-Bit Axe
19:03 Castle Age
17:55 Gold Mining
18:54 Stone Mining
20:09 Bow Saw
20:36 Wheelbarrow
20:39 Gold Shaft Mining
20:44 Stone Shaft Mining
25:23 Hand Cart
25:38 Horse Collar
26:58 Caravan
31:53 Imperial Age
29:25 Scale Mail Armor
29:36 Forging
29:51 Fortified Wall
29:55 Masonry
29:31 Man-at-Arms
29:57 Gambesons
29:57 Arson
31:04 Long Swordsman
31:54 Capped Ram
33:16 Conscription
33:42 Iron Casting
32:35 Two-Handed Swordsman
34:20 Heavy Plow
35:13 Champion
36:55 Blast Furnace
36:11 Chain Mail Armor
36:05 Siege Ram
38:18 Furor Celtica
39:28 Plate Mail Armor
mimi.michalov
0:49 Loom
14:35 Feudal Age
15:06 Horse Collar
15:48 Double-Bit Axe
22:03 Castle Age
21:16 Town Watch
23:34 Wheelbarrow
23:51 Caravan
24:53 Gold Mining
24:53 Stone Mining
27:35 Heavy Plow
32:47 Imperial Age
30:23 Fletching
31:09 Bodkin Arrow
31:15 Padded Archer Armor
33:57 Hand Cart
35:19 Crop Rotation
36:45 Gold Shaft Mining
35:48 Cavalier
NR | Nightmare?
18:24 Feudal Age
18:50 Horse Collar
18:58 Double-Bit Axe
19:53 Wheelbarrow
22:09 Gold Mining
23:06 Stone Mining
27:25 Castle Age
29:04 Hand Cart
28:52 Heavy Plow
29:29 Gold Shaft Mining
29:30 Stone Shaft Mining
29:08 Bow Saw
29:28 Elite Skirmisher
35:10 Imperial Age
32:55 Caravan
henriquetsevero
0:48 Loom
14:27 Feudal Age
15:45 Wheelbarrow
14:56 Town Watch
14:53 Horse Collar
15:02 Double-Bit Axe
15:49 Gold Mining
16:19 Stone Mining
23:39 Castle Age
24:46 Hand Cart
24:33 Heavy Plow
24:59 Bow Saw
26:11 Gold Shaft Mining
27:41 Ballistics
33:43 Imperial Age
34:47 Conscription
34:29 Artillery
35:02 Arson
35:17 Squires
37:52 Two-Man Saw
Connection lost

Rejoining the realm…

Still unreachable

The connection could not be restored.

Session expired

The server has moved on; the page needs a fresh start.